 Dungeon Crawl Stone Soup version 0.26-a0-612-gd4d190f (webtiles) character file.

Game seed: 8341143017664486775

149 Blinkfrogs the Magician (level 5, -4/40 HPs)
             Began as a Palentonga Hedge Wizard on Sept 8, 2020.
             Killed by divine providence
             ... invoked by an orc priest
              (13 damage)
             ... on level 2 of the Dungeon.
             The game lasted 00:16:24 (3119 turns).

Blinkfrogs the Magician (Palentonga Hedge Wizard)   Turns: 3119, Time: 00:16:26

Health: -4/40      AC:  6    Str: 14    XL:     5   Next: 9%
Magic:  0/10       EV: 10    Int: 15    God:
Gold:   79         SH:  0    Dex:  9    Spells: 4/11 levels left

rFire    . . .     SeeInvis +   j - +0 spear
rCold    . . .     Faith    .   (no shield)
rNeg     + . .     Spirit   .   b - +0 robe
rPois    .         Reflect  .   c - +0 hat
rElec    .         Harm     .   (no cloak)
rCorr    .                      d - +1 pair of gloves
MR       .....                  (no barding)
Stlth    +.........             (no amulet)
HPRegen  0.13/turn              p - ring of positive energy
MPRegen  0.12/turn              (no ring)

@: no status effects
A: large, rugged brown scales 3, see invisible, deformed body, roll, armoured
tail
a: Rolling Charge


You were on level 2 of the Dungeon.
You visited 1 branch of the dungeon, and saw 3 of its levels.

You collected 79 gold pieces.

Inventory:

Hand Weapons
 a - a +0 dagger
 j - a +0 spear (weapon)
Missiles
 f - 197 stones (quivered)
Armour
 b - a +0 robe (worn)
 c - a +0 hat (worn)
 d - a +1 pair of gloves (worn)
Jewellery
 p - a ring of positive energy (left hand)
Wands
 n - a wand of iceblast (5)
Scrolls
 e - 4 scrolls of teleportation
 g - a scroll of identify
 h - 2 scrolls of random uselessness {unknown}
 i - a scroll of blinking {unknown}
 k - 2 scrolls of magic mapping {unknown}
 m - a scroll of remove curse {unknown}
 s - a scroll of noise {unknown}
Potions
 l - a potion of haste
 o - a potion of lignification
 q - a potion of magic
 r - a potion of flight
 t - a potion of cancellation


   Skills:
 + Level 2.6 Dodging
 - Level 1.2 Stealth
 - Level 3.6 Spellcasting
 * Level 3.2 Conjurations
   Level 0.7 Summonings
   Level 1.0 Translocations


You had 4 spell levels left.
You knew the following spells:

 Your Spells              Type           Power        Failure   Level
a - Magic Dart            Conj           ##..         4%          1
b - Conjure Flame         Conj/Fire      #.......     28%         3
c - Mephitic Cloud        Conj/Pois/Air  #.......     34%         3

Your spell library contained the following spells:

 Spells                   Type           Power        Failure   Level
 Blink                    Tloc           N/A          19%         2
 Call Imp                 Summ           #.......     22%         2
 Slow                     Hex            #.......     28%         2


Dungeon Overview and Level Annotations

Branches:
Dungeon (3/15)

Altars:


Innate Abilities, Weirdness & Mutations

You are completely covered in rugged brown scales. (AC +3, +7% HP)
You have supernaturally acute eyesight. (SInv)
Armour fits poorly on your strangely shaped body.
You can roll at foes to attack.
You have a long armoured tail.


Message History

Beogh smites you!
* * * LOW HITPOINT WARNING * * *
Casting: Magic Dart (safe; 4% risk of failure)
Confirm with . or Enter, or press ? or * to list all spells.
Aiming: Magic Dart (safe; 4% risk of failure)
Press: ? - help, Shift-Dir - straight line, f/p - orc priest
Aim: an orc priest, wearing a +0 leather armour (heavily wounded)
The magic dart hits the orc priest but does no damage.
The orc priest is heavily wounded.
The orc priest hits you but does no damage.
Casting: Magic Dart (safe; 4% risk of failure)
Confirm with . or Enter, or press ? or * to list all spells.
Aiming: Magic Dart (safe; 4% risk of failure)
Press: ? - help, Shift-Dir - straight line, f/p - orc priest
Aim: an orc priest, wearing a +0 leather armour (heavily wounded)
The magic dart hits the orc priest.
The orc priest is severely wounded.
The orc priest mumbles some strange prayers to Beogh against you.
Beogh smites you!
You die...

#...## #..####..###### #....##
#.#####.###...# #.....# #.#
#.......#(# #####.# ##.#
#.......#.# #.# ##..# #.......#.#
# #.#####..## #.......#.# ###
#.......## ##.......#.# ..##
####..#### #........#.## #..###
#####....@.###..).....#..#
##...###.............
.###..#...###...........#†#......
..##....### #..###.............).
(.##...## #..........##.#......
..#...## #......#...##.#......


You could see an orc priest.

Vanquished Creatures
  Jessica (D:2)
  3 gnolls
  4 adders (D:2)
  2 oozes
  2 worms
  A dart slug (D:2)
  2 orcs (D:2)
  A giant cockroach (D:2)
  4 goblins
  5 hobgoblins (D:2)
  5 jackals (D:1)
  4 kobolds (D:1)
  6 bats
  3 frilled lizards (D:2)
  2 rats
45 creatures vanquished.

Notes
Turn   | Place    | Note
-------+----------+-------------------------------------------
     0 | D:1      | Blinkfrogs the Palentonga Hedge Wizard began the quest for
                  | the Orb.
     0 | D:1      | Reached XP level 1. HP: 14/14 MP: 4/4
    25 | D:1      | Reached skill level 1 in Conjurations
   792 | D:1      | Reached XP level 2. HP: 21/21 MP: 3/6
  1293 | D:2      | Noticed Jessica
  1424 | D:2      | Killed Jessica
  1424 | D:2      | Reached XP level 3. HP: 27/27 MP: 0/8
  1674 | D:1      | Reached XP level 4. HP: 18/35 MP: 3/9
  2346 | D:2      | Learned a level 3 spell: Conjure Flame
  2350 | D:2      | Learned a level 3 spell: Mephitic Cloud
  2797 | D:2      | Reached XP level 5. HP: 13/40 MP: 10/10
  3119 | D:2      | Killed from afar by an orc priest

Illustrated notes

Levels and vault maps discovered:
D:1:      dpeg_arrival_connections, layout_loops_ring
D:2:      layout_rooms, minmay_misc_feat_cross, minmay_split_cup_small,
          uniq_jessica
D:3:      layout_rooms, overflow_temple_1_default

Skill      XL: |  1  2  3  4 |
---------------+-------------+-----
Conjurations   | 1 2 3 |  3.2
Dodging        | 2 |  2.6
Stealth        | |  1.2
Spellcasting   | |  3.6
Summonings     | |  0.7
Translocations | |  1.0

Action                   |  1- 3 |  4- 6 || total
-------------------------+-------+-------++-------
Melee: Dagger            |    24 |       ||    24
       Tailslap          |     7 |     8 ||    15
       Spear             |    40 |    91 ||   131
 Cast: Magic Dart        |    37 |    52 ||    89
 Abil: Rolling Charge    |     3 |     3 ||     6
  Use: Scroll            |     1 |     4 ||     5
       Potion            |       |     1 ||     1
 Stab: Sleeping          |     1 |     2 ||     3
Armor: Robe              |    29 |    46 ||    75
       Skin              |       |    10 ||    10
Dodge: Dodged            |    69 |    73 ||   142

Table legend: (Time is in decaauts)
 A = Elapsed time spent in this place.
 B = Non-inter-level travel time spent in this place.
 C = Inter-level travel time spent in this place.
 D = Time resting spent in this place.
 E = Time spent auto-exploring this place.
 F = Levels seen in this place.
 G = Mean time per level.
                   A        B        C        D        E       F      G
               +--------+--------+--------+--------+--------+-----+--------+
         Total |   3139 |   3086 |     53 |   1306 |    987 |   3 | 1046.3 |
       Dungeon |   3139 |   3086 |     53 |   1306 |    987 |   3 | 1046.3 |
               +--------+--------+--------+--------+--------+-----+--------+

Top non-repeatable levels by time:
     D:1: 1689 daAuts
     D:2: 1433 daAuts
     D:3: 16 daAuts
